 Dungeon Crawl Stone Soup version 0.22-a0-445-g8c8ef71 (webtiles) character file.

304 4thArraOfDagon the Ducker (level 6, -3/42 HPs)
             Began as a Halfling Wanderer on June 2, 2018.
             Was a Believer of Cheibriados.
             Killed by divine providence
             ... invoked by an orc priest
              (7 damage)
             ... on level 4 of the Dungeon.
             The game lasted 00:04:20 (1567 turns).

4thArraOfDagon the Ducker (Halfling Wanderer)       Turns: 1567, Time: 00:04:21

Health: -3/42      AC:  6    Str: 16    XL:     6   Next: 66%
Magic:  7/7        EV: 15    Int: 14    God:    Cheibriados [**....]
Gold:   89         SH:  0    Dex: 21    Spells: 5/5 levels left

rFire    . . .     SeeInvis .   m - +1 long sword (holy)
rCold    . . .     Gourm    .   (shield restricted)
rNeg     . . .     Faith    .   h - +0 ring mail
rPois    .         Spirit   .   (helmet restricted)
rElec    .         Reflect  .   (no cloak)
rCorr    .         Harm     .   g - +0 pair of gloves
MR       .....                  (no boots)
Stlth    ++........             (no amulet)
HPRegen  0.14/turn              (no ring)
MPRegen  0.10/turn              (no ring)

@: very slow
A: small, horns 1, mutation resistance 1
a: Bend Time, Renounce Religion


You were on level 4 of the Dungeon.
You worshipped Cheibriados.
Cheibriados was pleased with you.
You were not hungry.

You visited 1 branch of the dungeon, and saw 4 of its levels.

You collected 89 gold pieces.

Inventory:

Hand Weapons
 c - a +0 quarterstaff
 e - a +0 dagger
 m - a +1 long sword of holy wrath (weapon)
 q - a +0 long sword
Missiles
 b - 4 throwing nets (quivered)
Armour
 a - a +0 leather armour
 g - a +0 pair of gloves (worn)
 h - a +0 ring mail (worn)
Wands
 j - a wand of polymorph (12)
Scrolls
 d - 2 scrolls of teleportation
 l - a scroll of amnesia {unknown}
 n - a scroll of blinking {unknown}
 o - a scroll of enchant weapon {unknown}
Potions
 i - a potion of brilliance {unknown}
 k - 2 potions of invisibility
 r - 2 potions of resistance
Comestibles
 f - 3 rations


   Skills:
 + Level 3.3 Fighting
 * Level 2.9 Long Blades
 - Level 3.1 Staves
 + Level 3.5 Dodging
 - Level 2.1 Stealth
 + Level 2.5 Invocations


You had 5 spell levels left.
You didn't know any spells.
Your spell library was empty.

Dungeon Overview and Level Annotations

Branches:
Dungeon (4/15)
 Temple: D:4-7

Altars:
Ashenzari
Cheibriados
Fedhas
Trog
Uskayaw


Innate Abilities, Weirdness & Mutations

You are small and have problems with some larger weapons.
You are somewhat resistant to further mutation.
You have a pair of small horns on your head.


Message History

The orc priest is almost dead.
The orc priest hits you but does no damage.
The orc closely misses you.
A slave comes into view.
The orc priest invokes the aid of Beogh against you.
Beogh smites you!
You hit the orc priest but do no damage.
You headbutt the orc priest, but do no damage.
The orc priest is severely wounded.
The orc completely misses you.
The orc priest mumbles some strange prayers to Beogh against you.
Pain shoots through your body!
* * * LOW HITPOINT WARNING * * *
You hit the orc priest.
You headbutt the orc priest, but do no damage.
The orc priest is almost dead.
The orc hits you but does no damage.
The orc priest calls down the wrath of Beogh upon you.
Beogh smites you!
You die...

#... #... #... #.#. #.#.
######.#.
###.############......##
.....poo................
...###@########......##
#.# #......# #.#
######## #.# #.# #.# #.#
#.# #.#


You could see a slave, an orc priest and an orc.

Vanquished Creatures
  A phantom (D:4)
  An orc wizard (D:4)
  Ijyb (D:4)
  A worker ant (D:4)
  4 gnolls
  4 adders
  2 dart slugs (D:1)
  2 leopard geckos
  2 orcs
  A ball python (D:2)
  4 giant cockroaches
  8 goblins
  5 hobgoblins
  7 bats
  3 frilled lizards
  8 kobolds
  8 rats
62 creatures vanquished.

Notes
Turn   | Place    | Note
-------+----------+-------------------------------------------
     0 | D:1      | 4thArraOfDagon the Halfling Wanderer began the quest for the Orb.
     0 | D:1      | 4thArraOfDagon set off with: a +0 leather armour, 4 throwing nets, a +0 quarterstaff, a scroll of teleportation, a +0 dagger, a ration
     0 | D:1      | Reached XP level 1. HP: 14/14 MP: 1/1
    39 | D:1      | Reached XP level 2. HP: 17/19 MP: 2/2
   112 | D:1      | Reached XP level 3. HP: 23/24 MP: 3/3
   230 | D:3      | Found a snail-covered altar of Cheibriados.
   230 | D:3      | Found a shattered altar of Ashenzari.
   231 | D:3      | Found a bloodstained altar of Trog.
   237 | D:3      | Became a worshipper of Cheibriados the Contemplative
   684 | D:2      | Reached XP level 4. HP: 30/30 MP: 4/4
   695 | D:2      | Gained mutation: You have a pair of small horns on your head. [potion of mutation]
   713 | D:2      | Reached * piety under Cheibriados
   780 | D:2      | Reached skill level 1 in Invocations
  1089 | D:3      | Noticed a dagger
  1090 | D:3      | Noticed a hand axe
  1163 | D:3      | Found a hide-covered altar of Uskayaw.
  1167 | D:3      | Found a blossoming altar of Fedhas.
  1287 | D:3      | Reached XP level 5. HP: 34/36 MP: 4/6
  1343 | D:4      | Noticed a phantom
  1369 | D:4      | Killed a phantom
  1369 | D:4      | Reached XP level 6. HP: 30/42 MP: 7/7
  1448 | D:4      | Noticed Ijyb
  1458 | D:4      | Killed Ijyb
  1558 | D:4      | Reached ** piety under Cheibriados
  1565 | D:4      | Noticed a slave
  1567 | D:4      | Killed from afar by an orc priest

Vault maps used:
D:1:      dpeg_arrival_arbitrary_b, columned_hall_lemuel
D:3:      gammafunk_temple_overflow_claw, dancing_weapons_uskayaw, first_ration,
          fedhas_altar_2
D:4:      old_forge, uniq_pikel, uniq_ijyb

Skill      XL: |  1  2  3  4  5 |
---------------+----------------+-----
Staves         | 3 |  3.1
Fighting       | 2 3 |  3.3
Invocations    | 1 2 |  2.5
Long Blades    | 2 |  2.9
Dodging        | 3 |  3.5
Stealth        | |  2.1

Action                   |  1- 3 |  4- 6 || total
-------------------------+-------+-------++-------
Melee: Quarterstaff      |    81 |    19 ||   100
       Long sword        |       |    54 ||    54
       Headbutt          |       |    17 ||    17
Evoke: Wand              |       |    22 ||    22
  Use: Scroll            |       |     5 ||     5
       Potion            |       |     3 ||     3
 Stab: Sleeping          |     2 |     3 ||     5
  Eat: Chunk             |       |     1 ||     1
Armor: Leather armour    |     6 |       ||     6
       Ring mail         |    20 |    28 ||    48
Dodge: Dodged            |    88 |    68 ||   156
       Rpst.: Long sword |       |    16 ||    16

Table legend:
 A = Spawn XP
 B = Non-spawn XP
 C = Spawn XP percentage of total XP
 D = Spawn monster count
 E = Non-spawn monster count
 F = Spawn count percentage of total count
 G = Total turns spent on level
                    A         B        C        D         E        F      G
               +---------+---------+-------+---------+---------+-------+---------
         Total |       0 |     435 |   0.0 |       0 |      62 |   0.0 |  1567
               +---------+---------+-------+---------+---------+-------+---------
           D:1 |       0 |      50 |   0.0 |       0 |      24 |   0.0 |   452
           D:2 |       0 |      53 |   0.0 |       0 |      18 |   0.0 |   469
           D:3 |       0 |      62 |   0.0 |       0 |      13 |   0.0 |   417
           D:4 |       0 |     270 |   0.0 |       0 |       7 |   0.0 |   229
               +---------+---------+-------+---------+---------+-------+---------
